[Event "*** SCC Grand Prix: Titled Tuesday Blitz"]
[Site "Chess.com"]
[Date "2020.08.25"]
[Round "2"]
[White "mirceaparligras"]
[Black "Kopytkin"]
[Result "1-0"]
[WhiteElo "2673"]
[BlackElo "2429"]
[TimeControl "180+1"]
[EndTime "10:21:02 PDT"]
[Termination "mirceaparligras won on time"]

1. e3 g6 2. d4 Bg7 3. c4 c5 4. d5 Nf6 5. Nc3 O-O 6. Nf3 d6 7. h3 e6 8. Bd3 Na6 9. O-O Nc7 10. e4 e5 11. a3 Nh5 12. Bg5 f6 13. Bd2 Nf4 14. Bxf4 exf4 15. Re1 g5 16. Qd2 Na6 17.
Rab1 Nb8 18. b4 b6 19. bxc5 bxc5 20. Bc2 Nd7 21. Ba4 a6 22. Bc6 Ra7 23. Rb3 Ne5 24. Nxe5 fxe5 25. f3 h5 26. Rb8 g4 27. hxg4 hxg4 28. fxg4 Qh4 29. Qf2 Qg5 30. Reb1 Bxg4 31. Rxf8+ Bxf8 32. Rb7 Rxb7 33. Bxb7 Be7 34. Bxa6 Qh5 35.
Kf1 Bh4 36. Qb2 Kg7 37. Qb7+ Kh6 38. Qb8 Bf6 39. Qf8+ Kg6 40. Qe8+ Kg5 41. Qxh5+ Kxh5 42. a4 Bd8 43. Nb5 f3 44. gxf3 Bxf3 45. Nxd6 Bc7 46.
Nb5 Ba5 47. Nd6 Kg5 48. Kf2 Kf4 49. Bc8 Bxe4 50. Nxe4 Kxe4 51. d6 Kd4 52. Ba6 e4 53.
d7 Bd8 54. Ke2 Bg5 55. Bb5 Bd8 56. Kf2 Bh4+ 57. Ke2 Bd8 58. Bc6 Kxc4 59. Bxe4 Kb4 60. Bc2 c4 61. Ke3 Kc3 62. Bd1 Bb6+ 63. Ke4 Kd2 64. Kd5 Kxd1 65. Kxc4 Kc2 66. Kb5 Bd8 67. a5 Kd3 68. a6 Kd4 69. a7 Kd5 70. a8=Q+ Kd6 71. Qc8 Ke7 72. Kc6 Ke6 73. Qxd8 1-0

[Event "*** SCC Grand Prix: Titled Tuesday Blitz"]
[Site "Chess.com"]
[Date "2020.08.25"]
[Round "2"]
[White "hectorfiori"]
[Black "Margarita2907"]
[Result "0-1"]
[WhiteElo "2376"]
[BlackElo "2102"]
[TimeControl "180+1"]
[EndTime "10:21:03 PDT"]
[Termination "Margarita2907 won on time"]

1. e4 c5 2. Nf3 d6 3. d4 cxd4 4. Qxd4 Nf6 5. Bg5 Nc6 6. Bb5 Bd7 7. Bxc6 Bxc6 8. Nc3 e5 9. Qd3 h6 10. Bxf6 Qxf6 11.
O-O-O Be7 12. Nd5 Bxd5 13. Qxd5 Rb8 14. Qb5+ Kf8 15. Rd5 Qe6 16. Rhd1 g6 17. Kb1 Kg7 18. Qa5 a6 19. Qb6 Rhc8 20. h3 Rc6 21. Qa7 Qc8 22.
c3 Bf8 23. Qe3 b5 24. Nd2 b4 25. c4 Rc5 26. Rxc5 dxc5 27. Nf3 Qe6 28. Rd5 Bd6 29. Qd3 Rb6 30. b3 f6 31. g4 Kf7 32.
Nh4 Rc6 33. Qg3 a5 34. Nf5 Bc7 35. Nxh6+ Kf8 36. Qh4 Rd6 37. g5 Rxd5 38. cxd5 Qa6 39. Qg4 Qf1+ 40. Kc2 Qxf2+ 41. Kc1 Qe3+ 42. Kd1 Qd4+ 43.
Ke2 Qe3+ 44. Kf1 Qd3+ 45. Qe2 Qxe2+ 46. Kxe2 fxg5 47. Ng4 Ke7 48. Kd3 Bd6 49. Kc4 Kd7 50. Kb5 Bc7 51. Ne3 Kd6 52. Nc4+ Kd7 53. Kxc5 Bd8 54.
Kb5 Ke7 55. Nxa5 Kf6 56. Kxb4 g4 57. hxg4 Kg5 58. Nc4 Kxg4 59. Nxe5+ Kh5 60. Kb5 g5 0-1

[Event "*** SCC Grand Prix: Titled Tuesday Blitz"]
[Site "Chess.com"]
[Date "2020.08.25"]
[Round "2"]
[White "Dinamo3"]
[Black "GukeshDommaraju"]
[Result "0-1"]
[WhiteElo "2473"]
[BlackElo "2712"]
[TimeControl "180+1"]
[EndTime "10:21:04 PDT"]
[Termination "GukeshDommaraju won by checkmate"]

1. e4 c5 2. Nf3 d6 3. d4 cxd4 4. Nxd4 Nf6 5. Nc3 a6 6. f3 e6 7. Be3 Be7 8. Qd2 Qc7 9. O-O-O b5 10. g4 Bb7 11. Bd3 Nfd7 12. Kb1 Ne5 13. Nce2 Nbd7 14.
g5 Nb6 15. Qa5 Bd8 16. h4 Nbc4 17. Qxc7 Bxc7 18. Bc1 d5 19. b3 Nb6 20. Bb2 O-O-O 21. Rhe1 h6 22. exd5 Nxd5 23. f4 Nxd3 24. Rxd3 Nxf4 25.
Nxf4 Bxf4 26. Rc3+ Kb8 27. Nc6+ Bxc6 28. Rxc6 Kb7 29.
Rc5 hxg5 30. hxg5 Rh5 31. Rf1 Be3 32. Rc3 Bd4 33. Rxf7+ Ka8 34. Rd3 Bb6 35. Bc1 Rxd3 36. cxd3 Rh1 37. Kc2 Rh2+ 38. Kc3 Ba5+ 39. b4 Bb6 40.
Rxg7 Rxa2 41. Bf4 Ra3+ 42. Kd2 Ra4 43. Bd6 Ra2+ 44. Kc3 Ra3+ 45. Kb2 Rxd3 46. Bc5 Bxc5 47. bxc5 Rd5 48. c6 Rc5 49. c7 Kb7 50. g6 Rg5 51.
Kc3 Kc8 52. Kd4 a5 53. Ke4 a4 54. Kf4 Rg1 55. Ke5 a3 56. Kd6 Rd1+ 57. Kc6 Rc1+ 58.
Kb6 a2 59. Rg8+ Kd7 60. Rd8+ Ke7 61. g7 a1=Q 62. g8=Q Rc6+ 63. Kxc6 Qa6+ 64. Kc5 Qa7+ 65. Kb4 Qa4+ 66. Kc3 Qc4+ 67. Kd2 Qf4+ 68. Ke2 Qe4+ 69. Kf2 Qf4+ 70. Kg2 Qe4+ 71. Kg3 Qe3+ 72. Kg4 Qe4+ 73.
Kh5 Qh1+ 74. Kg4 Qg2+ 75. Kf4 Qf2+ 76. Ke5 Qe3# 0-1

[Event "*** SCC Grand Prix: Titled Tuesday Blitz"]
[Site "Chess.com"]
[Date "2020.08.25"]
[Round "2"]
[White "Poghosyan_Suren"]
[Black "MarcoCorvi"]
[Result "0-1"]
[WhiteElo "2426"]
[BlackElo "2232"]
[TimeControl "180+1"]
[EndTime "10:21:04 PDT"]
[Termination "MarcoCorvi won by resignation"]

1. d4 f5 2. e4 fxe4 3. Nc3 Nf6 4. Bg5 e6 5. Nxe4 Be7 6. Bxf6 Bxf6 7. Nf3 Qe7 8. c3 Nc6 9. Bd3 b6 10. Qe2 Bb7 11.
O-O-O O-O-O 12. Ba6 Nb8 13. Bxb7+ Kxb7 14. Rhe1 Qf7 15.
Kb1 h6 16. Qc2 g5 17. Nxf6 Qxf6 18. Ne5 Rhf8 19. Qe4+ c6 20. Re2 Qf5 21. f3 Qxe4+ 22. Rxe4 Kc7 23. h4 d6 24. Ng4 h5 25. Ne3 Rf4 26.
hxg5 Rxe4 27. fxe4 Rg8 28. Rf1 Rxg5 29. Rf7+ Nd7 30.
Kc2 Kd8 31. Kd3 Ke8 32. Rh7 Nf6 33. Rxa7 Rg3 34. Ke2 Nxe4 35. Rh7 Rg5 36. a4 c5 37. Nc4 cxd4 38. cxd4 d5 39. Nxb6 Rxg2+ 40. Kf3 Rf2+ 41. Ke3 Rxb2 42. a5 Ra2 43. Ra7 Nd6 44. a6 h4 45. Ra8+ Kf7 46. a7 Kg7 47. Rd8 Nf5+ 48. Kf4 Rxa7 49. Ke5 h3 50. Rc8 h2 51. Rc1 Ra2 52.
Rh1 Ng3 53. Rb1 h1=Q 54. Rxh1 Nxh1 55. Kxe6 Rb2 56. Nxd5 Nf2 57. Nf4 Ne4 58. Ke5 Nc3 59.
d5 Rb4 60. Ne6+ Kf7 61. Ng5+ Ke7 62. d6+ Kd7 63. Nh7 Rb5+ 64. Kd4 Ne2+ 65. Kc4 Rb8 66.
Nf6+ Kxd6 67. Ne4+ Ke5 68. Nc5 Rc8 69. Kb5 Nf4 70.
Nd7+ Kd6 71. Nb6 Rb8 72. Ka6 Kc6 73. Ka7 Rxb6 74. Ka8 Nd5 0-1

[Event "*** SCC Grand Prix: Titled Tuesday Blitz"]
[Site "Chess.com"]
[Date "2020.08.25"]
[Round "2"]
[White "Taron_Shagbazyan"]
[Black "Savva09022009"]
[Result "1-0"]
[WhiteElo "2650"]
[BlackElo "2315"]
[TimeControl "180+1"]
[EndTime "10:21:05 PDT"]
[Termination "Taron_Shagbazyan won by checkmate"]

1. d4 Nf6 2. c4 e6 3. Nc3 Bb4 4. e3 d5 5. Bd3 O-O 6. Ne2 b6 7. O-O Bb7 8. a3 Bxc3 9. Nxc3 dxc4 10. Bxc4 c5 11. dxc5 bxc5 12. Qc2 Qe7 13. b3 Nbd7 14. Bb2 Nb6 15. Be2 Rac8 16. Rfd1 c4 17. b4 Nfd5 18. Nb5 a6 19. Nd4 e5 20. Nf5 Qg5 21. Ng3 c3 22. Bc1 f5 23. Bf1 e4 24.
Rd4 h5 25. h3 h4 26. Ne2 Nd7 27. Nf4 Nxf4 28. exf4 Qe7 29. Be3 Nf6 30. Rad1 Rfd8 31. Rxd8+ Rxd8 32. Rxd8+ Qxd8 33. Qxc3 Nd5 34. Qe5 Qd7 35. Bc5 Kh7 36. a4 Bc6 37. b5 axb5 38. axb5 Bb7 39. b6 Qc6 40. Qxf5+ Kg8 41. Bd4 Nxb6 42.
Qc5 Qxc5 43. Bxc5 Nd5 44. Bd6 Kf7 45. Be2 e3 46. Bg4 Bc8 47. Bf3 exf2+ 48. Kxf2 Nf6 49.
Be5 Bf5 50. Ke3 Nd7 51. Kd4 Nf6 52. Kc5 Ne4+ 53. Kd4 Nd2 54. Bd5+ Kg6 55. Bc7 Nf1 56. Bd8 Kh5 57. Bf3+ Kg6 58. Bxh4 Nd2 59. Be2 Nb3+ 60. Ke3 Nc5 61. g4 Bd7 62. Be7 Nb7 63. Bc4 Na5 64.
f5+ Kh7 65. Bd3 Nc6 66. Bd6 Nd8 67. Kf4 Nf7 68. Be7 Kg8 69. h4 Nh8 70. g5 g6 71.
fxg6 Be8 72. h5 Bxg6 73. hxg6 Kg7 74. Bf6+ Kg8 75. Bc4+ Nf7 76. gxf7+ Kf8 77. Bd4 Ke7 78. Bc5+ Kd7 79. f8=Q Kc6 80. Qd6+ Kb7 81. Qb6+ Kc8 82. Be6# 1-0

[Event "*** SCC Grand Prix: Titled Tuesday Blitz"]
[Site "Chess.com"]
[Date "2020.08.25"]
[Round "2"]
[White "Jovidon91"]
[Black "kngopal"]
[Result "1/2-1/2"]
[WhiteElo "2473"]
[BlackElo "2265"]
[TimeControl "180+1"]
[EndTime "10:21:06 PDT"]
[Termination "Game drawn by repetition"]

1. d4 Nf6 2. c4 c6 3. Nf3 d5 4.
Qc2 e6 5. g3 Be7 6. Bg2 Nbd7 7.
O-O O-O 8. Nbd2 b6 9. e4 dxe4 10. Nxe4 Nxe4 11. Qxe4 Bb7 12. Ne5 Nxe5 13. dxe5 Rb8 14.
Bf4 c5 15. Qe3 Bxg2 16. Kxg2 Qc7 17. h4 Rbd8 18. Rad1 Qc6+ 19. Kg1 Qa4 20. Qb3 Qc6 21. Rfe1 Rd4 22. Be3 Rg4 23. Qd3 Bxh4 24. Bf4 h6 25.
Qd7 Qf3 26. Qd2 Rd8 27. Qe3 Qa8 28. Rxd8+ Qxd8 29. Qf3 Rg6 30. Rd1 Qe7 31. Kf1 Bg5 32. Qa8+ Kh7 33. Qe4 Bxf4 34. Qxf4 Qb7 35. Kg1 f5 36.
Rd6 Qa6 37. a3 Qa5 38. Qd2 Qa4 39. Qd1 Qxc4 40. Rd8 Qg4 41. Qd7 Qh3 42. Qe8 Rxg3+ 43. fxg3 Qxg3+ 44. Kf1 Qf4+ 45. Kg2 Qg4+ 46. Kf2 Qf4+ 47.
Ke2 Qxe5+ 48. Kd2 Qxb2+ 49. Kd3 Qxa3+ 50. Ke2 Qb2+ 51. Ke1 Qc1+ 52. Kf2 Qf4+ 53. Ke2 Qe4+ 54. Kd2 Qb4+ 55. Kd1 Qb1+ 56. Ke2 Qe4+ 57. Kf2 Qf4+ 58. Ke1 Qe4+ 59. Kd1 Qb1+ 60. Kd2 Qb2+ 61. Ke3 Qe5+ 62. Kf2 Qf4+ 1/2-1/2

[Event "*** SCC Grand Prix: Titled Tuesday Blitz"]
[Site "Chess.com"]
[Date "2020.08.25"]
[Round "2"]
[White "PaulfromSPb"]
[Black "JoliyRoger"]
[Result "1-0"]
[WhiteElo "2657"]
[BlackElo "2376"]
[TimeControl "180+1"]
[EndTime "10:21:11 PDT"]
[Termination "PaulfromSPb won by resignation"]

1. e4 c6 2. Nf3 d5 3. Nc3 Nf6 4.
e5 Ne4 5. Bd3 Nxc3 6. dxc3 e6 7.
Bf4 Be7 8. h4 b6 9. Qe2 a5 10. h5 Ba6 11. h6 g6 12. c4 Nd7 13.
Nd4 Rc8 14. O-O-O c5 15. Nf3 d4 16. Be4 O-O 17. Kb1 a4 18. a3 Rb8 19. Bc6 Bb7 20.
Bxa4 Qc7 21. Rhe1 Rfd8 22. Ng5 Bxg5 23. Bxg5 Bc6 24. Bxd8 Rxd8 25. Bxc6 Qxc6 26. f4 Rb8 27. Qf3 Qc7 28. Qd3 b5 29. cxb5 Nb6 30. c4 dxc3 31.
Qxc3 Nd5 32. Qc4 Qb7 33. g3 Rc8 34. Re2 Nb6 35. Qe4 Nd5 36. Ka1 c4 37. Rc2 Qxb5 38. Rdc1 c3 39. bxc3 Qc5 40. Qa4 Rc7 41. c4 Nb6 42. Qb3 Ra7 43. Ra2 Ra8 44. Qb4 Qc6 45. c5 Nd5 46. Qc4 Ra4 47. Qb3 Ra8 48. Qc4 g5 49.
fxg5 Qc7 50. Qc2 Qxe5+ 51. Qb2 Qxg5 52. Qg7+ Qxg7+ 53. hxg7 Kxg7 54. c6 Nc7 55. Kb1 e5 56. Rb2 f5 57. Rb7 Rc8 58. Rd1 Kf6 59. Rd6+ Kg5 60.
Rd7 Ne6 61. c7 Nc5 62. Rd8 Rxc7 63. Rxc7 Ne4 64. Rg8+ Kh6 65. Rc6+ Kh5 66. Re6 Nc3+ 67. Ka1 e4 68. Re7 Kh6 69. Re5 Ne2 70. Rxf5 Nxg3 71. Re5 e3 72. Rxe3 Nh5 73. Re6+ Nf6 74. Rxf6+ Kh5 75.
Rg1 1-0

[Event "*** SCC Grand Prix: Titled Tuesday Blitz"]
[Site "Chess.com"]
[Date "2020.08.25"]
[Round "2"]
[White "Smascher17"]
[Black "Artooooo"]
[Result "0-1"]
[WhiteElo "2501"]
[BlackElo "2796"]
[TimeControl "180+1"]
[EndTime "10:21:12 PDT"]
[Termination "Artooooo won by resignation"]

1. e4 e6 2. d4 d5 3. Nd2 Nc6 4. Ngf3 Nf6 5. e5 Nd7 6. c3 f6 7. exf6 Qxf6 8. Bd3 e5 9. dxe5 Ncxe5 10. Nxe5 Nxe5 11.
Be2 Bd6 12. Nf3 c6 13. h3 O-O 14. Be3 Qg6 15. Nxe5 Bxe5 16. Bf3 Bf5 17. Qd2 Kh8 18. O-O-O a5 19. h4 h6 20. h5 Qf7 21. g4 Bh7 22. Be2 a4 23. a3 Bf4 24. Bxf4 Qxf4 25.
Qxf4 Rxf4 26. f3 Re8 27. Rhe1 b5 28. Kd2 Kg8 29. Rf1 Kf7 30. Rde1 g6 31. hxg6+ Bxg6 32. Bd1 Rxe1 33. Rxe1 h5 34. gxh5 Bxh5 35. Ke3 Rf6 36. Rg1 Bg6 37. Be2 Re6+ 38. Kd2 Rf6 39.
Rh1 Ke6 40. Ke3 Kd6 41. Rh8 Re6+ 42. Kd2 Kc5 43. Rh6 Kd6 44. f4 Ke7 45. Bh5 Bxh5 46.
Rxh5 Re4 47. Rh4 Kd6 48. Rh6+ Kc5 49. Rf6 Kb6 50. Kd3 Kc5 51. f5 Re1 52. Rf8 Rb1 53. Kc2 Rf1 54. f6 Kc4 55. f7 Rf2+ 56. Kc1 Kb3 57. Kd1 Kxb2 58. Ke1 Rf6 59. Kd2 Kxa3 60. Kd3 Kb3 61. Kd4 a3 62. Ke5 Rf1 63. Kd4 a2 64.
Ra8 Rxf7 65. Kc5 Rf4 66. Kxc6 Ra4 0-1

[Event "*** SCC Grand Prix: Titled Tuesday Blitz"]
[Site "Chess.com"]
[Date "2020.08.25"]
[Round "2"]
[White "Thee-Chessboy"]
[Black "Anton_Demchenko"]
[Result "0-1"]
[WhiteElo "2524"]
[BlackElo "2845"]
[TimeControl "180+1"]
[EndTime "10:21:22 PDT"]
[Termination "Anton_Demchenko won by resignation"]

1. d4 d5 2. c4 dxc4 3. e3 e5 4.
Bxc4 exd4 5. exd4 Nf6 6. Nf3 Bd6 7. O-O O-O 8. h3 h6 9. Re1 Nc6 10. Nc3 Bf5 11. a3 a6 12. b4 Re8 13. Be3 Qd7 14.
Bf1 Ne4 15. Rc1 Nxc3 16. Rxc3 Be4 17. Nd2 Bd5 18. Bc4 Ne7 19. Qb3 c6 20. Nf3 Bxc4 21.
Qxc4 Nd5 22. Rcc1 a5 23. Bd2 axb4 24. axb4 Nc7 25. Ra1 Qf5 26. Rxa8 Rxa8 27. Ne5 Re8 28. Bc3 Qe6 29. Qxe6 Rxe6 30. Nc4 Nb5 31. Rxe6 fxe6 32.
Bd2 Bc7 33. Be3 Kf7 34. Kf1 Ke7 35. Ke2 h5 36. Kd3 g6 37. g4 hxg4 38. hxg4 Kf7 39. Kc2 Ke7 40. Kd3 Bd6 41. Na5 Bxb4 42. Nxb7 Kd7 43.
Kc4 Be7 44. Na5 Bd8 45. Nb3 Bb6 46.
f4 Nd6+ 47. Kd3 Ba7 48. Nd2 Bb8 49. Nf3 Nf7 50. Ne5+ Bxe5 51. dxe5 Nh6 52. f5 Nxg4 53. fxg6 Nxe5+ 54. Ke4 Nxg6 55. Bc5 Ne7 56. Ke5 Nd5 57. Ke4 Nc3+ 58. Ke3 Nb5 59. Ke4 Nd6+ 60. Ke5 Nb7 61. Ba3 Na5 62. Bb4 Nc4+ 63. Kd4 Nb6 64. Bc5 Nd5 65. Ke5 Nc7 66. Kd4 Na6 67. Ba3 Nb8 68. Ke5 Na6 69. Kd4 Nc7 70. Ke5 Nb5 71. Bc5 Nc3 72.
Kd4 Nd1 73. Bb4 Nf2 74. Ke5 Nd3+ 75. Kd4 Nxb4 0-1

[Event "*** SCC Grand Prix: Titled Tuesday Blitz"]
[Site "Chess.com"]
[Date "2020.08.25"]
[Round "2"]
[White "Vesper2018"]
[Black "Izoria123"]
[Result "1/2-1/2"]
[WhiteElo "2549"]
[BlackElo "2850"]
[TimeControl "180+1"]
[EndTime "10:21:25 PDT"]
[Termination "Game drawn - insufficient material"]

1. e4 c5 2. Nc3 d6 3. Nf3 Nf6 4. d4 cxd4 5. Nxd4 a6 6. h3 e6 7.
g4 Nfd7 8. g5 Nc6 9. Be3 Be7 10.
h4 O-O 11. Rg1 Nxd4 12. Qxd4 b5 13. h5 Ne5 14. Be2 Nc6 15. Qd2 b4 16. Na4 d5 17.
Bb6 Qd6 18. O-O-O d4 19. h6 g6 20. Bxd4 Nxd4 21. Qxd4 Qf4+ 22. Kb1 e5 23. Qd2 Qxd2 24. Rxd2 Be6 25. Nb6 Rad8 26. Nd5 Bxd5 27. exd5 a5 28. Rg4 f6 29. gxf6 Rxf6 30. f3 Rf4 31. Rxf4 exf4 32. c3 bxc3 33. bxc3 Bd6 34. c4 Rb8+ 35. Rb2 Rxb2+ 36.
Kxb2 Kf7 37. Kb3 Ke7 38. Ka4 Bb4 39. a3 Bc5 40. Kb5 Kd6 41. Kxa5 Bxa3 42. Kb6 Bc5+ 43. Kb7 Bf2 44. Bd3 Bh4 45. Kb6 Bd8+ 46. Kb5 Bg5 47. Be4 Bxh6 48. c5+ Ke5 49. d6 Bg5 50. Kc6 Kd4 51. d7 Be7 52. Kc7 Kxc5 53. d8=Q Bxd8+ 54. Kxd8 Kd6 55. Ke8 Ke6 56. Kf8 Kf6 57. Kg8 h5 58.
Kh7 h4 59. Bd3 h3 60. Bf1 h2 61. Bg2 Kg5 62. Kg7 Kh5 63. Kf6 g5 64. Kf5 Kh4 65.
Bh1 Kh5 66. Bg2 Kh4 67. Bh1 g4 68. fxg4 Kg3 69. g5 f3 70. g6 f2 71. g7 f1=Q+ 72. Kg6 Qb5 73. g8=Q Qb4 74. Kf5+ Kf2 75. Qg2+ Ke3 76.
Qf3+ Kd2 77. Qf2+ Kc3 78. Qe1+ Kc4 79. Bd5+ Kc5 80. Qd1 Qd4 81. Qc2+ Kxd5 82. Qxh2 Qe4+ 83. Kf6 Qe6+ 84. Kg5 Qe7+ 85. Kf5 Qf7+ 86. Kg5 Qg7+ 87. Kf5 Qf7+ 88. Kg5 Ke6 89. Qe2+ Kd7 90. Qd3+ Ke7 91. Qe4+ Qe6 92. Qxe6+ Kxe6 1/2-1/2

[Event "*** SCC Grand Prix: Titled Tuesday Blitz"]
[Site "Chess.com"]
[Date "2020.08.25"]
[Round "2"]
[White "esrosenberg"]
[Black "Aygehovit1992"]
[Result "0-1"]
[WhiteElo "2190"]
[BlackElo "2613"]
[TimeControl "180+1"]
[EndTime "10:21:25 PDT"]
[Termination "Aygehovit1992 won by resignation"]

1. Nf3 Nf6 2. c4 c5 3. g3 g6 4. Bg2 Bg7 5. Nc3 O-O 6. O-O Nc6 7. d4 cxd4 8. Nxd4 d6 9. Nxc6 bxc6 10. Bxc6 Bh3 11.
Bg2 Bxg2 12. Kxg2 Rc8 13. Qd3 Qc7 14. b3 d5 15. Bf4 dxc4 16. bxc4 Qxc4 17. Qxc4 Rxc4 18.
Rac1 Rfc8 19. Nb5 a6 20. Nc7 Ra4 21. Nd5 Rxc1 22. Nxf6+ Bxf6 23. Rxc1 Kg7 24. Rc2 e5 25. Bc1 e4 26. h4 h5 27. f3 a5 28. fxe4 Rxe4 29.
Kf3 Ra4 30. Bf4 Ra3+ 31. Kg2 Bd4 32. Bd6 Ra4 33. Rd2 Kf6 34. Bf4 Ke6 35. e3 Bc5 36.
Kf3 f6 37. Bc7 g5 38. hxg5 fxg5 39. Bd8 g4+ 40. Kf2 Ra3 41. Bg5 Bb4 42. Re2 Kf5 43. Bf4 Ke4 44. Rc2 Kd3 45. Re2 Bd2 46. e4 Bxf4 47.
gxf4 Kd4 48. e5 Rf3+ 49. Kg2 Rxf4 50. e6 Rf8 51. e7 Re8 52. Kg3 Kd5 53. Kh4 Kd6 54.
Kxh5 g3 55. Kh4 g2 56. Rxg2 Rxe7 57. Rd2+ Kc5 58. Kg4 Rf7 59. Kg5 Kb4 60. Kg6 Rf1 61. Rd3 a4 62. a3+ Kc4 63. Rh3 Rb1 64. Kf5 Rb3 65.
Rh4+ Kb5 66. Rh8 Rxa3 67. Rb8+ Kc4 68. Ke4 Ra1 69. Rc8+ Kb3 70. Kd3 Rd1+ 71. Ke2 Rd5 72. Rb8+ Kc4 73. Rb1 a3 74. Rc1+ Kb3 75. Rb1+ Kc2 76.
Rb8 a2 77. Rc8+ Kb2 78. Rb8+ Ka3 79. Ra8+ Kb3 80. Rb8+ Ka4 81. Ra8+ Ra5 82. Rf8 a1=Q 83. Rf4+ Kb3 84. Rf3+ Kb2 85. Rd3 Re5+ 86. Kf3 Qf1+ 0-1

[Event "*** SCC Grand Prix: Titled Tuesday Blitz"]
[Site "Chess.com"]
[Date "2020.08.25"]
[Round "2"]
[White "mattcolins2025"]
[Black "Speshka"]
[Result "1-0"]
[WhiteElo "2453"]
[BlackElo "2241"]
[TimeControl "180+1"]
[EndTime "10:21:28 PDT"]
[Termination "mattcolins2025 won by resignation"]

1. d4 f5 2. Nf3 Nf6 3. g3 g6 4. Bg2 Bg7 5. O-O O-O 6. b3 d6 7. Bb2 Qe8 8. c4 Nbd7 9. Qc2 e5 10. dxe5 dxe5 11. Nbd2 e4 12. Nd4 a6 13. c5 Ne5 14.
Nc4 Nxc4 15. Qxc4+ Kh8 16. Rac1 Bd7 17. Rfd1 Bb5 18.
Qc2 Rd8 19. a4 Bd7 20. e3 Nd5 21. Qb1 Nb4 22. Bf1 Nc6 23. Qa1 Ne5 24. Be2 Bc8 25. Rd2 Qf7 26. Rcd1 Rfe8 27. c6 bxc6 28. Bc3 c5 29.
Nc2 Rxd2 30. Rxd2 Nc6 31. Bc4 Qf8 32. Bd5 Ne5 33. Ne1 c6 34. Bc4 Nxc4 35. bxc4 Be6 36. Bxg7+ Qxg7 37. Qxg7+ Kxg7 38. Rd6 Bxc4 39. Rxc6 Re5 40.
Ng2 Bb3 41. a5 c4 42. Nf4 c3 43. Rxc3 Bf7 44. Ra3 Rb5 45. h4 h6 46. Ne2 g5 47.
hxg5 hxg5 48. Nd4 Rb1+ 49. Kg2 Kf6 50. Rc3 Bd5 51. Rc5 Bb7 52. Rxf5+ Kg6 53. Rc5 Ra1 54. Ne6 Kf6 55. Nxg5 Rb1 56. Nh3 Rb4 57. Nf4 Rb5 58. Rc7 Ba8 59. Ra7 Bb7 60. g4 Ke5 61. g5 Kd6 62. g6 Kc7 63. g7 Rg5+ 64. Kh3 Rxg7 65. Ne6+ Kb8 66. Nxg7 Kxa7 67. Kg4 Kb8 68. Kf4 Kc7 69.
Nf5 Kc6 70. Nd4+ Kc5 71. Ne6+ Kb4 72. Nd8 Ba8 73. Ne6 Kxa5 74. Nc7 Kb6 75. Nxa8+ Kb7 76. Kxe4 Kxa8 77. Kd5 Kb7 78. Kc5 Kc7 79. f4 Kd7 80. e4 Ke6 81. Kb6 a5 82. Kxa5 Kf6 83. Kb5 Ke6 84. Kc5 Kf6 85. Kd6 Kf7 86. e5 Ke8 87. e6 Kf8 88. f5 1-0

[Event "*** SCC Grand Prix: Titled Tuesday Blitz"]
[Site "Chess.com"]
[Date "2020.08.25"]
[Round "2"]
[White "Koksik_13"]
[Black "colegiodemadrid"]
[Result "1-0"]
[WhiteElo "2661"]
[BlackElo "2404"]
[TimeControl "180+1"]
[EndTime "10:21:38 PDT"]
[Termination "Koksik_13 won by resignation"]

1. e4 c6 2. d4 d5 3. f3 e6 4. Nc3 Nf6 5. e5 Nfd7 6. f4 c5 7. Nf3 Nc6 8. Be3 f6 9. Bb5 fxe5 10. fxe5 Be7 11. O-O O-O 12. Bxc6 bxc6 13. Qe1 cxd4 14. Nxd4 Rxf1+ 15. Qxf1 Nxe5 16. Re1 Bf6 17. Kh1 Ng4 18. Bg1 Qd6 19. Nf3 e5 20. h3 Nh6 21. Bh2 Nf7 22.
Qe2 Bb7 23. Rd1 Qe7 24. Re1 e4 25. Nd2 Re8 26. Nf1 Bh4 27. Rd1 Bc8 28. Ne3 Bf6 29. Ng4 Bxg4 30. Qxg4 Be5 31. Rf1 Bxh2 32. Kxh2 Nd6 33.
Ne2 d4 34. Qg3 c5 35. Nf4 Nf5 36. Qb3+ Kh8 37. Nd5 Qe5+ 38. Kg1 e3 39. Nf4 e2 40.
Nxe2 c4 41. Qf3 g6 42. Nf4 Kg7 43. Qd5 Qxd5 44. Nxd5 Re2 45. Rf2 Re1+ 46. Kh2 Ne3 47. Nxe3 dxe3 48. Rf4 c3 49. bxc3 Rc1 50. Re4 Rxc2 51. a4 Rxc3 52. Re7+ Kf6 53. Re8 h5 54. Kg3 Ra3 55. Kf3 Rxa4 56. Rxe3 Rb4 57. Ra3 Rb7 58. Ra6+ Kg5 59. Ra5+ Kh6 60. Ra6 Rf7+ 61. Kg3 Kg5 62. Ra5+ Kh6 63. Ra6 Kg7 64. Kh4 Rf4+ 65. Kg3 Rf7 66.
Kh4 Rb7 67. Ra5 Kf6 68. Ra6+ Kf7 69. Kg5 Rb5+ 70. Kh6 Rb2 71. Rxg6 a5 72. Kxh5 a4 73. g4 Ra2 74. Ra6 a3 75. h4 Ra1 76. g5 a2 77.
Ra7+ Kg8 78. Kg6 Kf8 79. h5 Rb1 80. Ra8+ Ke7 81. Rxa2 1-0

[Event "*** SCC Grand Prix: Titled Tuesday Blitz"]
[Site "Chess.com"]
[Date "2020.08.25"]
[Round "2"]
[White "Duhless"]
[Black "chessplayer9919"]
[Result "1/2-1/2"]
[WhiteElo "2999"]
[BlackElo "2598"]
[TimeControl "180+1"]
[EndTime "10:21:51 PDT"]
[Termination "Game drawn - insufficient material"]

1. e4 e5 2. Nf3 Nc6 3. Bc4 Nf6 4. d3 Bc5 5. c3 d6 6. h3 O-O 7. Nbd2 h6 8. Nf1 a6 9. Bb3 Ba7 10. Ng3 Re8 11. O-O Be6 12. Bc2 d5 13. exd5 Bxd5 14.
Re1 Qd7 15. Be3 Bxe3 16. Rxe3 Rad8 17. Qe2 Bxf3 18. Qxf3 Nd5 19. Re4 Nf6 20. Re2 Qd5 21. Qe3 Qb5 22. Qc1 Qc5 23. a4 Nd5 24. Re4 Nf6 25.
Rh4 Ne7 26. a5 Ng6 27. Rc4 Qd6 28. Nf5 Qd7 29. d4 e4 30. Ne3 Nf4 31. Qd2 Re5 32.
dxe5 Qxd2 33. Rd1 Qxd1+ 34. Bxd1 N6d5 35. Bc2 Nxe3 36. fxe3 Ne2+ 37. Kh2 c6 38. Bxe4 h5 39.
Bf3 Rd2 40. Bxh5 Rxb2 41. h4 Nc1 42. e6 fxe6 43. Bg6 Rb5 44. Re4 e5 45. Rg4 Ne2 46. Bd3 Rb2 47. Bc4+ Kf8 48. Rg5 Nxc3 49. Rxe5 Rb4 50.
Rf5+ Ke8 51. Bd3 Rxh4+ 52. Kg3 Rb4 53. Re5+ Kf8 54. Rf5+ Ke8 55. Rg5 Kf8 56. Bg6 Ne4+ 57. Bxe4 Rxe4 58. Kf3 Rb4 59. Rf5+ Ke7 60. Re5+ Kd6 61.
Rg5 Ra4 62. Rg6+ Ke5 63. Rxg7 Rb4 64. g4 Kf6 65. Rc7 Rb5 66. Kf4 Rb4+ 67. e4 Rb5 68.
e5+ Rxe5 69. Rxb7 Rxa5 70. Rc7 Rc5 71. g5+ Kg6 72. Rd7 Rc4+ 73. Ke3 Kxg5 74. Kd3 Rc5 75. Kd4 Rb5 76. Ra7 a5 77. Ra6 Rb1 78. Rxa5+ Kf4 79. Kc5 Rc1+ 80. Kd6 c5 81. Rxc5 Rxc5 82.
Kxc5 1/2-1/2

[Event "*** SCC Grand Prix: Titled Tuesday Blitz"]
[Site "Chess.com"]
[Date "2020.08.25"]
[Round "2"]
[White "Moon_stone123"]
[Black "ChristopherYoo"]
[Result "1/2-1/2"]
[WhiteElo "2536"]
[BlackElo "2840"]
[TimeControl "180+1"]
[EndTime "10:22:01 PDT"]
[Termination "Game drawn - insufficient material"]

1. e4 c6 2. Nc3 d5 3. Nf3 dxe4 4.
Nxe4 Nf6 5. Qe2 Nxe4 6. Qxe4 Nd7 7. Bc4 Nf6 8. Ne5 Nd5 9. O-O Be6 10. d4 g6 11. c3 Bg7 12. Re1 O-O 13. Bd3 Qc8 14.
Qe2 Rd8 15. Bd2 a5 16. h4 a4 17. a3 b5 18. h5 Rd6 19. Qf3 f6 20. hxg6 fxe5 21.
gxh7+ Kh8 22. dxe5 Rd8 23. Bg5 Rf8 24. Qg3 Bf5 25.
Be4 Bxe4 26. Rxe4 Qf5 27. Rae1 e6 28. c4 bxc4 29. Rxc4 Rab8 30. Rxc6 Rxb2 31. Rf1 Bxe5 32. Qh4 Rb1 33. Rcc1 Rxc1 34. Rxc1 Bf4 35. Bxf4 Nxf4 36.
Rc4 Ne2+ 37. Kf1 Qd3 38. Ke1 Nc3 39. Qd4+ Qxd4 40. Rxd4 Kxh7 41. Rc4 Nd5 42. Rxa4 Rb8 43. Ra7+ Kg6 44. Ke2 Rb2+ 45. Kf3 Ra2 46. Ra6 Kf5 47.
g3 Nf6 48. Kg2 e5 49. a4 Ng4 50. Kg1 Rxf2 51. Ra8 Ra2 52. a5 e4 53. a6 Nf6 54. a7 Ra3 55. Kf2 Kg6 56. g4 Nxg4+ 57. Ke2 Nf6 58. Kd2 Kg7 59. Ke2 Nd5 60. Re8 Nc3+ 61.
Kd2 Nb1+ 62. Kc2 Rxa7 63. Rxe4 Ra8 64. Kxb1 Rb8+ 65. Kc2 Rc8+ 66. Kd3 Kf6 67. Ke3 Kf5 68.
Rf4+ Kg5 69. Re4 Rc1 70. Kd4 Rd1+ 71. Ke5 Rc1 72. Rd4 Rc5+ 73. Rd5 Rc1 74. Kd4+ Kf6 75.
Ra5 Ke6 76. Ra6+ Kf5 77. Ra5+ Kf4 78. Ra8 Rd1+ 79. Kc3 Rc1+ 80. Kd2 Rh1 81. Rf8+ Ke4 82. Re8+ Kd5 83. Rd8+ Ke6 84. Rc8 Kd7 85. Rc4 Rh3 86. Rd4+ Kc6 87. Rd3 Rh2+ 88. Ke3 Kc5 89. Rc3+ Kd5 90. Rc8 Rh3+ 91. Kf4 Kd6 92. Rd8+ Ke7 93.
Ra8 Rh4+ 94. Kg3 Rb4 95. Ra7+ Ke6 96. Ra6+ Ke5 97. Ra5+ Ke4 98. Ra8 Rb3+ 99. Kg4 Rb4 100. Re8+ Kd5+ 101. Kg5 Kd6 102. Rd8+ Ke7 103. Rd1 Rb5+ 104. Kf4 Rb4+ 105. Ke3 Rb6 106. Rd4 Re6+ 107. Re4 Kd6 108. Rxe6+ Kxe6 1/2-1/2